 Dungeon Sprint DCSS version 0.30-a0-802-gb92711bcdf (webtiles) character file.

Game seed: 16268614989168868310

42 BigDaddyOpFi the Shield-Bearer (level 3, -3/27 HPs)
             Began as an Octopode Fighter on Feb 24, 2023.
             Was a Priest of Makhleb.
             Slain by a fire bat (6 damage)
             ... in the Dungeon (Sprint VII: "The Pits").
             The game lasted 00:00:53 (626 turns).

BigDaddyOpFi the Shield-Bearer (Octopode Fighter)    Turns: 626, Time: 00:00:53

Health: -3/27      AC:  1    Str: 17    XL:     3   Next: 56%
Magic:  5/5        EV: 13    Int: 10    God:    Makhleb [***...]
Gold:   0          SH:  4    Dex: 11    Spells: 2/2 levels left

rFire   . . .      SeeInvis .    a - +0 war axe
rCold   . . .      Faith    .    b - +0 buckler
rNeg    . . .      Spirit   .    (helmet restricted)
rPois   .          Reflect  .    (no amulet)
rElec   .          Harm     .    (no ring)
rCorr   .          Rampage  .    (no ring)
Will    .....      NoTele   +    (no ring)
Stlth   ++                       (no ring)
HPRegen 0.24/turn                (no ring)
MPRegen 0.09/turn                (no ring)
                                 (no ring)
                                 (no ring)

@: mighty
A: almost no armour, amphibious, 8 rings, camouflage 1, gelatinous body 1,
(nimble swimmer 1), tentacles
a: Renounce Religion, Minor Destruction, Lesser Servant of Makhleb


You were in the Dungeon.
You worshipped Makhleb.
Makhleb was most pleased with you.
You visited 1 branch

Inventory:

Hand Weapons
 a - a +0 war axe (weapon)
Armour
 b - a +0 buckler (worn)
Potions
 d - a potion of curing
 f - a potion of haste
 g - 4 potions of magic
 h - 3 potions of berserk rage
 j - 2 potions of invisibility


   Skills:
 + Level 4.0 Fighting
 + Level 3.4 Axes
 + Level 4.0 Dodging
 + Level 4.0 Shields
 * Level 3.8 Invocations


You had 2 spell levels left.
You didn't know any spells.
Your spell library was empty.

Dungeon Overview and Level Annotations

Branches:
Dungeon (1/1)

Altars:
Ashenzari
Cheibriados
Dithmenos
Elyvilon
Fedhas
Gozag
Hepliaklqana
Kikubaaqudgha
Makhleb
Nemelex Xobeh
Okawaru
Qazlal
Ru
Sif Muna
Trog
Uskayaw
Vehumet
Wu Jian
Xom
Yredelemnul
Zin
The Shining One
Jiyva
Lugonu


Innate Abilities, Weirdness & Mutations

You cannot wear most types of armour.
You are amphibious.
You can wear up to eight rings at the same time.
Your skin changes colour to match your surroundings (Stealth+).
Your rubbery body absorbs attacks. (AC +1, EV +1)
((You are camouflaged when in or above water. (Stealth+)))
You have tentacles for arms and can constrict up to eight enemies at once.


Message History

Makhleb accepts your kill.
You can now summon a lesser servant of Makhleb.
An orc warrior comes into view. It is wielding a +0 trident.
A fire bat, 2 orcs and an orc wizard come into view.
An adder zombie and a water moccasin come into view.
The orc shouts! x3; The orc wizard shouts!
The orc warrior shouts!
The orc closely misses you. The fire bat bites you.
You are engulfed in flames.
You barely miss the orc. You grab the orc. You squeeze the orc.
You kill the orc!
Makhleb accepts your kill.
You feel better.
You miss the fire bat. The fire bat bites you.
You are engulfed in flames!
* * * LOW HITPOINT WARNING * * *
The fire bat misses you. What are your orders? t - Shout!
Orders for allies: a - Attack new target. r - Retreat! s - Stop attacking. g - Guard the area. f - Follow me.
Anything else - Cancel.
Retreat in which direction?
Press: ? - help, Dir - move target, f - you
Okay, then.
Blink to where?
Press: ? - help, Dir - move target
As you read the scroll of blinking, it crumbles to dust.
You feel much better.
You feel very mighty all of a sudden. The fire bat closely misses you.
You block the fire bat's attack. The fire bat bites you.
You are engulfed in flames!
You closely miss the fire bat. Your grab misses the fire bat.
You tentacle-slap the fire bat! You squeeze the fire bat!
The fire bat is severely wounded.
You block the fire bat's attack. x2; The fire bat bites you.
You are engulfed in flames.
* * * LOW HITPOINT WARNING * * *
The fire bat bites you.
* * * LOW HITPOINT WARNING * * *
You are engulfed in flames.
You die...

#'#####'#####.....
#.#..#...'.##.....
#.#.)#...#.#####'#
#.#..#####.##.....
#.#..'...#.##.....
#.#..'..)†.##.....
#.#..########...<.
#.#..+ #.....
#@#..# #.....
#b####### #.....
#...o...# ######
#.###ooo#
#.#Z....#
#.#..o#.#
#....o#.#
#...###.# #....


S+ You could see a fire bat.

Vanquished Creatures
  A gnoll (D)
  An adder (D)
  A river rat (D)
  An ufetubus (D)
  An orc (D)
  A hobgoblin (D)
  2 ball pythons (D)
  2 bats (D)
  A giant cockroach zombie (D)
  A kobold (D)
12 creatures vanquished.

Notes
Turn   | Place    | Note
-------+----------+-------------------------------------------
     0 | D        | BigDaddyOpFi the Octopode Fighter began the quest for the
                  | Orb.
     0 | D        | Reached XP level 1. HP: 16/16 MP: 1/1
    14 | D        | Found a bloodstained altar of Trog.
    14 | D        | Found a shimmering blue altar of Sif Muna.
    14 | D        | Found a viscous altar of Jiyva.
    14 | D        | Found a hazy altar of Hepliaklqana.
    14 | D        | Found an opulent altar of Gozag.
    15 | D        | Found a glowing golden altar of the Shining One.
    15 | D        | Found a glowing silver altar of Zin.
    15 | D        | Found a basalt altar of Yredelemnul.
    15 | D        | Found a shimmering altar of Xom.
    15 | D        | Found an ornate altar of the Wu Jian Council.
    15 | D        | Found a sacrificial altar of Ru.
    15 | D        | Found a stormy altar of Qazlal.
    15 | D        | Found an iron altar of Okawaru.
    15 | D        | Found a sparkling altar of Nemelex Xobeh.
    15 | D        | Found a burning altar of Makhleb.
    15 | D        | Found a blossoming altar of Fedhas.
    15 | D        | Found a white marble altar of Elyvilon.
    15 | D        | Found a shadowy altar of Dithmenos.
    15 | D        | Found a snail-covered altar of Cheibriados.
    16 | D        | Found a radiant altar of Vehumet.
    16 | D        | Found a corrupted altar of Lugonu.
    17 | D        | Found a hide-covered altar of Uskayaw.
    17 | D        | Found an ancient bone altar of Kikubaaqudgha.
    17 | D        | Found a broken altar of Ashenzari.
    24 | D        | Became a worshipper of Makhleb the Destroyer
    55 | D        | Reached skill level 1 in Invocations
    55 | D        | Reached XP level 2. HP: 4/21 MP: 1/3
   183 | D        | Reached * piety under Makhleb
   556 | D        | Reached ** piety under Makhleb
   573 | D        | Reached XP level 3. HP: 25/27 MP: 5/5
   615 | D        | Reached *** piety under Makhleb
   618 | D        | Noticed an orc warrior
   619 | D        | Noticed a fire bat
   620 | D        | Noticed a water moccasin
   626 | D        | Slain by a fire bat

Illustrated notes

Levels and vault maps discovered:
D:        pitsprint [storerooms_1, entrance_room_1, metal_vault_6, armoury_1,
          mini_pit_1, grid_room_1, main_hall_1, silver_pit, the_coven_3,
          the_vestibule_1, steel_vault_1, golden_pit, hallway_of_sentries,
          crystal_vault_4, iron_vault_1, final_vault]

Skill      XL: |  1  2  3 |
---------------+----------+-----
Invocations    | 1 3 |  3.8
Axes           | 3 |  3.4
Fighting       | 4 |  4.0
Dodging        | 4 |  4.0
Shields        | 4 |  4.0

Action                     || total
---------------------------++-------
  Melee: War axe           ||    23
         Constrict         ||     7
         Tentacles         ||     6
         Punch             ||     1
    Use: Potion            ||     2
         Scroll            ||     1
   Stab: Sleeping          ||     2
 Armour: Skin              ||     1
  Dodge: Dodged            ||    23
  Block: Buckler           ||     6

Table legend: (Time is in decaauts)
 A = Elapsed time spent in this place.
 B = Non-inter-level travel time spent in this place.
 C = Inter-level travel time spent in this place.
 D = Time resting spent in this place.
 E = Time spent auto-exploring this place.
 F = Levels seen in this place.
 G = Mean time per level.
                   A        B        C        D        E       F      G
               +--------+--------+--------+--------+--------+-----+--------+
         Total |    634 |    616 |     18 |    475 |      0 |   1 |  634.0 |
       Dungeon |    634 |    616 |     18 |    475 |      0 |   1 |  634.0 |
               +--------+--------+--------+--------+--------+-----+--------+

Top non-repeatable levels by time:
       D: 634 daAuts
